 Dungeon Crawl Stone Soup version 0.19-a0-1513-gf6d23ed (webtiles) character file.

3876 Charly the Destroyer (level 10, 49/50 HPs)
             Began as a Deep Elf Fire Elementalist on Sept 12, 2016.
             Quit the game on level 5 of the Dungeon.
             The game lasted 00:59:33 (3089 turns).

Charly the Destroyer (Deep Elf Fire Elementalist)   Turns: 3089, Time: 00:59:34

Health: 49/50      AC: 10    Str:  5    XL:     10   Next: 0%
Magic:  26/26      EV: 13    Int: 24    God:
Gold:   212        SH:  0    Dex: 15    Spells: 5 memorised, 11 levels left

rFire  . . .     SeeInvis .     a - +1 dagger (protect)
rCold  . . .     Gourm    .     w - +2 robe {MR+}
rNeg   . . .     Faith    .     (no shield)
rPois  .         Spirit   .     y - +0 helmet
rElec  .         Dismiss  .     (no cloak)
rCorr  .         Reflect  .     (no gloves)
MR     ++...     Harm     .     (no boots)
Stlth  ++........               (no amulet)
                                (no ring)
                                (no ring)

@: no status effects
A: no striking features
a: no special abilities


You were on level 5 of the Dungeon.
You were not hungry.

You visited 2 branches of the dungeon, and saw 11 of its levels.

You collected 321 gold pieces.
You spent 109 gold pieces at shops.

Inventory:

Hand Weapons
 a - a +1 dagger of protection (weapon)
 b - a +1 dagger of venom
 i - a +0 blowgun
Missiles
 l - 14 poisoned needles
Armour
 v - a +1 robe of fire resistance
 w - a +2 robe of magic resistance (worn)
 y - a +0 helmet (worn)
Wands
 h - a wand of polymorph (13/24)
 j - a wand of lightning (9/15)
 x - a wand of slowing (14/48)
Scrolls
 f - 6 scrolls of remove curse
 n - 3 scrolls of teleportation
 p - 2 scrolls of fear
 t - a scroll of fog
Potions
 d - a potion of resistance
 e - a potion of brilliance {unknown}
 k - a potion of cancellation
 m - 2 potions of degeneration
 o - a potion of beneficial mutation {unknown}
 q - a potion of curing {unknown}
 r - 3 potions of haste
 u - 2 potions of flight
 A - 2 potions of cure mutation {unknown}
Books
 g - a book of Flames

   Spells                             Type                      Level
   a - Flame Tongue                   Conjuration/Fire             1
   b - Throw Flame                    Conjuration/Fire             2
   c - Conjure Flame                  Conjuration/Fire             3
   d - Inner Flame                    Hexes/Fire                   3
   e - Sticky Flame                   Conjuration/Fire             4
   f - Fireball                       Conjuration/Fire             5
 z - a book of the Earth

   Spells                             Type                      Level
   a - Leda's Liquefaction            Hexes/Earth                  4
   b - Bolt of Magma                  Conjuration/Fire/Earth       5
   c - Statue Form                    Transmutation/Earth          6
   d - Iron Shot                      Conjuration/Earth            6
   e - Shatter                        Earth                        9
Comestibles
 c - 4 bread rations
 s - 5 meat rations
 B - 7 slices of pizza


   Skills:
 - Level 2.4 Dodging
 - Level 2.4 Stealth
 + Level 10.1 Spellcasting
 * Level 11.3 Conjurations
 + Level 7.0 Fire Magic
 + Level 3.3 Earth Magic


You had 11 spell levels left.
You knew the following spells:

 Your Spells              Type           Power        Failure   Level  Hunger
b - Bolt of Magma         Conj/Fire/Erth #####.....   10%         5    ####...
c - Conjure Flame         Conj/Fire      ######..     1%          3    None
f - Flame Tongue          Conj/Fire      #####        1%          1    None
s - Sticky Flame          Conj/Fire      ######..     1%          4    #......
B - Fireball              Conj/Fire      ######....   3%          5    ####...


Dungeon Overview and Level Annotations

Branches:
Dungeon (10/15)            Temple (1/1) D:4
   Lair: D:8-11         Orc: D:9-12

Altars:
Ashenzari
Cheibriados
Dithmenos
Elyvilon
Fedhas
Gozag
Hepliaklqana
Kikubaaqudgha
Nemelex Xobeh
Okawaru
Qazlal
Ru
Trog
Uskayaw
Xom
Yredelemnul
Zin
The Shining One

Shops:
D:4 ?   D:8 [

Annotations:
D:4 Tux's ghost, amateur DsFi
D:6 Dowan, Duvessa, Sigmund
D:8 Prince Ribbit


Message History

[Y]es or [N]o only, please.
Really target yourself? [Y]es or [N]o only, please.
Really target yourself? [Y]es or [N]o only, please.
Really target yourself? [Y]es or [N]o only, please.
Really target yourself? [Y]es or [N]o only, please.
Really target yourself? [Y]es or [N]o only, please.
Really target yourself? [Y]es or [N]o only, please.
Really target yourself?
Okay, then.
There's nothing to open nearby.
Unknown command.
Unknown command.
Unknown command.
Are you sure you want to abandon this character and quit the game? (Confirm with "yes".)

.............#
##..............
....))......##
##...............
............#
#.......!....[...
...........##
##................
##........##
#.................
##......##
#.................
###....#
#.................
###.##
#.................
##
#@...............#
#...............##
#...<..........##
#............###
##.........###
#........##
##.....### .######
##


There were no monsters in sight!

Vanquished Creatures
  Pikel (D:4)
  A two-headed ogre (D:8)
  A human (D:7)
  4 hogs (D:7)
  2 water moccasins
  4 orc warriors
  2 ice beasts (D:9)
  A black bear (D:9)
  2 ogres (D:7)
  2 centaurs (D:8)
  A big kobold (D:7)
  6 giant frogs
  A scorpion (D:4)
  A killer bee (D:9)
  A howler monkey (D:5)
  A quasit (D:9)
  2 jellies (D:9)
  A centaur zombie (D:5)
  2 hounds
  2 orc priests
  6 orc wizards
  An iguana (D:4)
  5 worker ants
  A worker ant zombie (D:5)
  5 adders
  3 shadow imps
  An ooze (D:1)
  An adder skeleton (D:9)
  A worm (D:3)
  A dart slug (D:3)
  4 giant geckos
  33 orcs
  6 giant cockroaches
  3 goblins (D:3)
  A hobgoblin (D:3)
  6 jackals
  13 kobolds
  2 quokkas
  A ball python skeleton (D:4)
  4 bats
  4 rats (D:3)
140 creatures vanquished.

Vanquished Creatures (others)
  A slave (D:4)
  An orc priest (D:4)
  3 orc wizards (D:4)
  2 orcs (D:4)
7 creatures vanquished.

Grand Total: 147 creatures vanquished

Notes
Turn   | Place    | Note
-------+----------+-------------------------------------------
     0 | D:1      | Charly the Deep Elf Fire Elementalist began the quest for the Orb.
     0 | D:1      | Reached XP level 1. HP: 10/10 MP: 6/6
   104 | D:2      | Reached skill level 2 in Conjurations
   118 | D:2      | Reached XP level 2. HP: 12/15 MP: 6/8
   187 | D:3      | Found an opulent altar of Gozag.
   285 | D:3      | Reached XP level 3. HP: 18/19 MP: 2/10
   297 | D:3      | Learned a level 3 spell: Conjure Flame
   387 | D:4      | Noticed a slave
   416 | D:3      | Reached skill level 3 in Conjurations
   520 | D:4      | Noticed Eustachio
   526 | D:4      | Noticed Eustachio
   526 | D:4      | Eustachio changed into Eustachio the scorpion
   531 | D:4      | Found Qewam's Magic Scroll Shop.
   534 | D:4      | Killed Eustachio the scorpion
   534 | D:4      | Reached skill level 4 in Conjurations
   534 | D:4      | Reached XP level 4. HP: 22/24 MP: 6/12
   537 | D:4      | Bought a scroll of fear for 35 gold pieces
   537 | D:4      | Bought a scroll of identify for 20 gold pieces
   537 | D:4      | Bought a scroll of teleportation for 30 gold pieces
   561 | D:4      | Learned a level 4 spell: Sticky Flame
   568 | D:4      | Noticed Pikel
   568 | D:4      | Noticed a slave
   583 | D:4      | Noticed a slave
   588 | D:4      | Noticed a slave
   599 | D:4      | Killed Pikel
   599 | D:4      | Reached skill level 6 in Conjurations
   599 | D:4      | Reached XP level 5. HP: 6/28 MP: 2/15
   599 | D:4      | Reached XP level 6. HP: 7/32 MP: 2/17
   599 | D:4      | Reached XP level 7. HP: 8/36 MP: 2/18
   645 | D:4      | Learned a level 5 spell: Fireball
   730 | D:4      | Reached skill level 7 in Conjurations
   770 | D:5      | Entered Level 5 of the Dungeon
   771 | D:5      | Found a shimmering altar of Xom.
   772 | D:5      | Found a shimmering altar of Xom.
   776 | D:5      | Found a shimmering altar of Xom.
   973 | D:6      | Reached skill level 8 in Conjurations
  1034 | D:6      | Noticed Duvessa
  1034 | D:6      | Noticed Dowan
  1129 | D:7      | Reached XP level 8. HP: 37/41 MP: 11/21
  1351 | D:6      | Noticed Sigmund
  1493 | D:5      | Found a shimmering altar of Xom.
  1501 | D:5      | Found a shimmering altar of Xom.
  1507 | D:5      | Found a shimmering altar of Xom.
  1628 | D:4      | Found a staircase to the Ecumenical Temple.
  1635 | D:4      | Noticed Tux's ghost (amateur DsFi)
  1637 | Temple   | Entered the Ecumenical Temple
  1770 | D:6      | Reached skill level 9 in Conjurations
  1817 | D:8      | Noticed a two-headed ogre
  1830 | D:8      | Killed a two-headed ogre
  1830 | D:8      | Reached skill level 5 in Fire Magic
  1852 | D:8      | Found Siwkub's Antique Armour Boutique.
  1855 | D:8      | Bought an embroidered robe for 12 gold pieces
  1855 | D:8      | Bought a runed robe for 12 gold pieces
  1975 | D:8      | Found a hide-covered altar of Uskayaw.
  1978 | D:8      | Noticed Prince Ribbit
  1992 | D:8      | Found a sparkling altar of Nemelex Xobeh.
  2001 | D:8      | Found a sacrificial altar of Ru.
  2024 | D:8      | Reached XP level 9. HP: 25/45 MP: 3/23
  2103 | D:9      | Reached skill level 10 in Conjurations
  2142 | D:8      | Found a shadowy altar of Dithmenos.
  2142 | D:8      | Found a glowing golden altar of the Shining One.
  2219 | D:10     | Entered Level 10 of the Dungeon
  2258 | D:9      | Found a shattered altar of Ashenzari.
  2377 | D:9      | Learned a level 5 spell: Bolt of Magma
  2438 | D:9      | Reached skill level 1 in Earth Magic
  2589 | D:7      | Found a bloodstained altar of Trog.
  2771 | D:7      | Reached skill level 11 in Conjurations
  2777 | D:7      | Reached skill level 10 in Spellcasting
  3049 | D:5      | Reached XP level 10. HP: 49/50 MP: 22/26
  3089 | D:5      | Quit the game

Vault maps used:
D:1:      erik_arrival_orb_chamber
D:2:      minitemple
D:3:      nicolae_gozag_cash_rules_everything_around_me
D:4:      first_bread, serial_shops, shop, shop, serial_bayou_pond_c,
          interstate_on_off, uniq_pikel, uniq_eustachio
D:5:      xom_redecorated
D:6:      lemuel_blue_sif_altar, corexii_corridor_pit, uniq_sigmund,
          uniq_duvessa
D:7:      trog_ov_bears_minmay, minivault_14, grunt_livestock
D:8:      nicolae_overflow_hidden_temple, grunt_temple_overflow_open,
          serial_shops, kennysheep_mini_moat, minmay_misc_feat_chi,
          uniq_prince_ribbit1
D:9:      ashenzari_altar_1
D:10:     david_lair_generic, david_orc_3, corexii_leaking_fountain
Temple:   chequers_temple_sunken

Skill      XL: |  1  2  3  4  5  6  7  8  9 |
---------------+----------------------------+-----
Conjurations   | 2 4 6 8 9 11 | 11.3
Spellcasting   | 4 6 7 8 10 | 10.1
Fire Magic     | 5 7 |  7.0
Earth Magic    | 3 |  3.3
Dodging        | |  2.4
Stealth        | |  2.4

Action                   |  1- 3 |  4- 6 |  7- 9 | 10-12 || total
-------------------------+-------+-------+-------+-------++-------
Melee: Dagger            |    33 |    14 |    44 |       ||    91
 Cast: Flame Tongue      |    44 |     9 |   129 |     3 ||   185
       Conjure Flame     |     1 |     1 |     8 |       ||    10
       Sticky Flame      |       |       |    37 |       ||    37
       Fireball          |       |       |     8 |       ||     8
Evoke: Wand              |     1 |       |     6 |       ||     7
  Use: Scroll            |       |     4 |    11 |       ||    15
       Potion            |       |     2 |       |       ||     2
 Stab: Sleeping          |     1 |       |     5 |       ||     6
  Eat: Chunk             |       |       |     9 |       ||     9
       Beef jerky        |       |       |     2 |       ||     2
Armor: Robe              |    17 |       |    39 |     1 ||    57
Dodge: Dodged            |    34 |     8 |    82 |     1 ||   125
